 Dungeon Crawl Stone Soup version 0.29.1-15-g9cfb28693d (webtiles) character file.

Game seed: 6260865026604636512

5 anonymouscript the Firebug (level 1, -1/13 HPs)
             Began as a Gnoll Fire Elementalist on Feb 24, 2023.
             Slain by a hobgoblin (3 damage)
             ... on level 1 of the Dungeon.
             The game lasted 00:01:19 (380 turns).

anonymouscript the Firebug (Gnoll Fire Elementalist) Turns: 380, Time: 00:01:20

Health: -1/13      AC:  2    Str:  7    XL:     1   Next: 80%
Magic:  5/6        EV: 13    Int: 14    God:
Gold:   0          SH:  0    Dex: 12    Spells: 8/9 levels left

rFire   . . .      SeeInvis .   (no weapon)
rCold   . . .      Faith    .   (no shield)
rNeg    . . .      Spirit   .   a - +0 robe
rPois   .          Reflect  .   (no helmet)
rElec   .          Harm     .   (no cloak)
rCorr   .          Rampage  .   (no gloves)
Will    .....                   (no boots)
Stlth   ++........              (no amulet)
HPRegen 0.04/turn               (no ring)
MPRegen 0.10/turn               (no ring)

@: invisible
A: fangs 1, strong nose, distributed training
a: no special abilities


You were on level 1 of the Dungeon.
You visited 1 branch of the dungeon, and saw 1 of its levels.

Inventory:

Missiles
 c - 4 stones
Armour
 a - a +0 robe (worn)
Scrolls
 d - a scroll of teleportation {unknown}
Potions
 b - a potion of magic
 f - a potion of might {unknown}


   Skills:
 + Level 0.1 Fighting
 + Level 0.1 Short Blades
 + Level 0.1 Long Blades
 + Level 0.1 Axes
 + Level 0.1 Maces & Flails
 + Level 0.1 Polearms
 + Level 0.1 Staves
 + Level 0.1 Ranged Weapons
 + Level 0.1 Throwing
 + Level 0.1 Armour
 + Level 4.4 Dodging
 + Level 4.0 Stealth
 + Level 0.1 Shields
 + Level 0.1 Unarmed Combat
 + Level 4.9 Spellcasting
 + Level 2.0 Conjurations
 + Level 0.1 Hexes
 + Level 0.1 Summonings
 + Level 0.1 Necromancy
 + Level 0.1 Translocations
 + Level 0.1 Transmutations
 + Level 5.3 Fire Magic
 + Level 0.1 Ice Magic
 + Level 0.1 Air Magic
 + Level 0.1 Earth Magic
 + Level 0.1 Poison Magic
 + Level 0.2 Invocations
 + Level 0.1 Evocations


You had 8 spell levels left.
You knew the following spells:

 Your Spells              Type           Power      Damage    Failure   Level
a - Foxfire               Conj/Fire      52%        2x1d6     4%          1

Your spell library contained the following spells:

 Spells                   Type           Power      Damage    Failure   Level
 Scorch                   Fire           36%        2d7       3%          2
 Conjure Flame            Conj/Fire      13%        6-21      12%         3
 Inner Flame              Hex/Fire       11%        N/A       17%         3
 Dazzling Flash           Conj/Hex       12%        N/A       34%         3
 Flame Wave               Conj/Fire      13%        2d6       36%         4
 Iskenderun's Mystic Bla  Conj/Tloc      6%         2d4       75%         4
 Starburst                Conj/Fire      6%         6d4       99%         6


Dungeon Overview and Level Annotations

Branches:
Dungeon (1/15)

Altars:


Innate Abilities, Weirdness & Mutations

You have very sharp teeth.
Your uncanny sense of smell can sniff out nearby items.
Your experience applies equally to all skills.


Message History

You see here a +0 spear.
A giant cockroach comes into view.
You conjure some foxfire!
The foxfire hits the giant cockroach.
The giant cockroach is heavily wounded.
You conjure some foxfire!
You conjure some foxfire!
The foxfire hits the giant cockroach.
You kill the giant cockroach!
Your foxfire dissipates! x2
Your foxfire dissipates!
A kobold comes into view. It is wielding a +0 whip.
You conjure some foxfire!
The foxfire hits the kobold but does no damage.
The kobold shouts!
Found 15 gold pieces.
You conjure some foxfire!
The kobold barely misses you.
Your foxfire dissipates!
The foxfire hits the kobold.
The kobold is moderately wounded.
The kobold attacks as you move away! The kobold barely misses you.
The kobold attacks as you move away! The kobold hits you with a +0 whip.
A bat comes into view.
The kobold attacks as you move away! The kobold barely misses you.
Found a faded altar of an unknown god.
The kobold attacks as you move away! The kobold misses you.
A hobgoblin comes into view.
A goblin comes into view. It is wielding a +0 dagger.
The hobgoblin shouts!
The kobold attacks as you move away! The kobold closely misses you.
You conjure some foxfire!
The kobold hits you with a +0 whip.
You are too injured to fight recklessly!
It was a potion of invisibility.
You fade into invisibility!
The foxfire hits the hobgoblin.
The hobgoblin is moderately wounded.
The foxfire hits the kobold but does no damage.
The hobgoblin closely misses you. The kobold hits you with a +0 whip.
* * * LOW HITPOINT WARNING * * *
The hobgoblin misses you. The hobgoblin hits you.
You die...

#. #. #.####
###....##
.....∩..##
#...._.#
#.⌠.g.######.
#..@K.....g..
#####.#######
#.# #.#
########.######
#..............#
#.##.####b......
########.##.#
.####.#
#.........#.# .#


You could see a hobgoblin (unable to see you), a goblin (asleep) and a kobold
(wandering, unable to see you).

Vanquished Creatures
  A dart slug (D:1)
  2 giant cockroaches (D:1)
3 creatures vanquished.

Vanquished Creatures (others)
  18 foxfires (D:1)
18 creatures vanquished.

Grand Total: 21 creatures vanquished

Notes
Turn   | Place    | Note
-------+----------+-------------------------------------------
     0 | D:1      | anonymouscript the Gnoll Fire Elementalist began the quest
                  | for the Orb.
     0 | D:1      | Reached XP level 1. HP: 13/13 MP: 6/6
   372 | D:1      | Found a faded altar of an unknown god.
   380 | D:1      | Slain by a hobgoblin

Illustrated notes

Levels and vault maps discovered:
D:1:      dpeg_arrival_pond, layout_loops_ring,
          ebering_ecumenical_altar_abandoned

Skill      XL: |  1 |
---------------+----+-----
Conjurations   | 2 |  2.0
Fighting       | |  0.1
Short Blades   | |  0.1
Long Blades    | |  0.1
Axes           | |  0.1
Maces & Flails | |  0.1
Polearms       | |  0.1
Staves         | |  0.1
Ranged Weapons | |  0.1
Throwing       | |  0.1
Armour         | |  0.1
Dodging        | |  4.4
Stealth        | |  4.0
Shields        | |  0.1
Unarmed Combat | |  0.1
Spellcasting   | |  4.9
Hexes          | |  0.1
Summonings     | |  0.1
Necromancy     | |  0.1
Translocations | |  0.1
Transmutations | |  0.1
Fire Magic     | |  5.3
Ice Magic      | |  0.1
Air Magic      | |  0.1
Earth Magic    | |  0.1
Poison Magic   | |  0.1
Invocations    | |  0.2
Evocations     | |  0.1

Action                   || total
-------------------------++-------
Melee: Unarmed           ||     2
 Cast: Foxfire           ||    14
  Use: Potion            ||     1
 Stab: Sleeping          ||     1
Armor: Robe              ||     1
Dodge: Dodged            ||    18
